 Dungeon Crawl Stone Soup version 0.16-a0-890-g98fc465 (webtiles) character file.

28 Ratboiler the Firebug (level 2, 0/16 HPs)
             Began as a Felid Fire Elementalist on Sept 29, 2014.
             Succumbed to an adder's poison
             ... on Level 2 of the Dungeon.
             The game lasted 00:05:47 (1324 turns).

Ratboiler the Firebug (Felid Fire Elementalist)     Turns: 1324, Time: 00:05:48

HP   0/16        AC 21     Str  4      XL: 2   Next: 96%
MP   1/5         EV  4     Int 16      God:
Gold 63          SH  0     Dex 16      Spells:  2 memorised,  2 levels left
Lives: 0, deaths: 0

rFire  . . .     SeeInvis +     (weapon unavailable)
rCold  . . .     Clarity  .     (armour unavailable)
rNeg   + + +     rCorr    .     (shield unavailable)
rPois  +         rRot     .     (helmet unavailable)
rElec  .         Spirit   .     (cloak unavailable)
SustAb .         Warding  .     (gloves unavailable)
rMut   .         NoTele   +     (boots unavailable)
Gourm  .                        (no amulet)
MR     .....                    (no ring)
                                (no ring)

@: lethally poisoned, tree-form, very slightly contaminated, not resistant to
hostile enchantments, fairly stealthy
A: paw claws, no armour, no weapons or thrown items, (fangs 0), see invisible,
carnivore 3, (speed 0), (shaggy fur 0), slow metabolism 1, jump 1
a: Jump Attack


You were on level 2 of the Dungeon.
You were very full.
You were a tree.
You visited 1 branch of the dungeon, and saw 2 of its levels.

You collected 63 gold pieces.

Inventory:

Comestibles
 c - a meat ration
Scrolls
 a - 3 scrolls of identify {unknown}
 e - a scroll of fear {unknown}
 f - a scroll of magic mapping {unknown}
 g - a scroll of enchant weapon {unknown}
 h - a scroll of fog {unknown}
 i - a scroll of remove curse {unknown}
Books
 b - a book of Flames

   Spells                             Type                      Level
   *Flame Tongue                      Conjuration/Fire             1
   *Throw Flame                       Conjuration/Fire             2
   Conjure Flame                      Conjuration/Fire             3
   Inner Flame                        Hexes/Fire                   3
   Sticky Flame                       Conjuration/Fire             4
   Fireball                           Conjuration/Fire             5


   Skills:
 - Level 2.6 Dodging
 - Level 2.6 Stealth
 - Level 2.0 Spellcasting
 + Level 1.8 Conjurations
 + Level 3.3 Fire Magic


You had 2 spell levels left.
You knew the following spells:

 Your Spells              Type           Power        Failure   Level  Hunger
a - Flame Tongue          Conj/Fire      #....        10%         1    #......
b - Throw Flame           Conj/Fire      #.....       12%         2    ###....


Dungeon Overview and Level Annotations

Branches:
Dungeon (2/15)

Altars:
Trog


Innate Abilities, Weirdness & Mutations

You cannot wear armour.
You are incapable of wielding weapons or throwing items.
((Your paws have sharp claws.))
((You have razor-sharp teeth.))
You have supernaturally acute eyesight.
You are carnivorous and can eat meat at any time.
((You cover ground quickly.))
((You are covered in fur (AC +1).))
You have a slow metabolism.
You can jump attack at a short distance.


Message History

The adder is severely wounded.
The adder bites you.
* * * LOW HITPOINT WARNING * * *
You are lethally poisoned!
The adder poisons you!
You closely miss the adder.
The adder is severely wounded.
* * * LOW HITPOINT WARNING * * *
You feel sick. The adder barely misses you. The adder completely misses you.
Unknown command.
Casting: Flame Tongue
Confirm with . or Enter, or press ? or * to list all spells.
Aiming: Flame Tongue
Press: ? - help, Shift-Dir - straight line, f/p - adder
Aim: an adder (severely wounded, bleeding)
The flame tongue misses the adder.
The adder closely misses you.
Drink which item? (? for menu, Esc to quit)
You turn into a tree.
Your roots penetrate the ground.
It was a potion of lignification.
You die...

##.....## ##.......##
#....[..<.# #.......%.#
#.........# #.........#
#.........# #######
#...(.....# #.....# ######
#.♣S......###._...#
.......##...............#.#
........#.........##....#.#
........#.........###.###w#
.........##.......##
#...#.# #...........##
#.#.#.# ###.#....####
#.#.#.# #....#.# #.#....
##.....# ##.##...


You could see an adder (bleeding).

Vanquished Creatures
  An adder (D:2)
  A worm (D:2)
  A ball python (D:2)
  3 hobgoblins
  A bat (D:1)
  2 giant geckos (D:1)
  3 goblins (D:1)
  2 rats
14 creatures vanquished.

Notes
Turn   | Place    | Note
--------------------------------------------------------------
     0 | D:1      | Ratboiler, the Felid Fire Elementalist, began the quest for the Orb.
     0 | D:1      | Reached XP level 1. HP: 7/7 MP: 4/4
     2 | D:1      | Learned a level 1 spell: Flame Tongue
   214 | D:1      | Reached skill level 1 in Conjurations
   459 | D:1      | Reached skill level 3 in Fire Magic
   644 | D:1      | Reached XP level 2. HP: 11/11 MP: 1/5
   667 | D:1      | Learned a level 2 spell: Throw Flame
  1207 | D:2      | Found a bloodstained altar of Trog.
  1324 | D:2      | Succumbed to an adder's poison

Action                   || total
-------------------------++-------
Melee: Unarmed           ||    13
 Cast: Flame Tongue      ||    30
       Throw Flame       ||     1
  Use: Potion            ||     1
  Eat: Chunk             ||     8
